AoeStats
← maxicandiaampuero

Arabia

509948049Analyzed
1v1 RM · 4d ago on Sep 28, 2026· 46m 31s· 2 players
Game mode
Random Map
Map size
Tiny (2 player)
Population
200
Speed
Normal
Resources
Standard
Victory
Conquest
Starting age
Dark Age
Ending age
Imperial Age
RankedLock teamsTeams togetherTeam positionsShared explorationLock speedFull tech treeHidden civsTurbo modeCheats
Victory
Defeat
🇨🇱 Britons · Chile
1008
+15
🇫🇷 Saracens · France
995
-15
tchangleniak
8:13 Loom
11:00 Feudal Age
12:56 Double-Bit Axe
19:43 Castle Age
18:03 Horse Collar
18:47 Fletching
19:51 Gold Mining
19:58 Elite Skirmisher
21:09 Pikeman
26:35 Wheelbarrow
31:21 Bow Saw
31:14 Heavy Plow
31:48 Scale Barding Armor
40:08 Imperial Age
37:54 Hand Cart
39:44 Padded Archer Armor
39:39 Bodkin Arrow
41:02 Bracer
43:57 Padded Archer Armor
maxicandiaampuero
0:45 Loom
14:36 Feudal Age
15:48 Horse Collar
15:56 Double-Bit Axe
16:04 Gold Mining
17:37 Wheelbarrow
20:07 Fletching
20:18 Padded Archer Armor
21:02 Stone Mining
31:20 Castle Age
31:25 Crossbowman
31:26 Elite Skirmisher
32:03 Bodkin Arrow
32:23 Leather Archer Armor
37:43 Ballistics
38:17 Murder Holes
47:09 Imperial Age
Connection lost

Rejoining the realm…

Still unreachable

The connection could not be restored.

Session expired

The server has moved on; the page needs a fresh start.